Map: Lerilak Crest

Players

Fredous

  • Race: Terran Terran
  • League: Diamond

LilDicky - Winner!

  • Race: Terran Terran
  • League: Diamond

VOD

http://www.twitch.tv/tumescentpie

Description

Time

  • Played on: Jan. 2, 2016, 2:33 p.m.
  • Length: 6:38
Show
View Real Time Build Order
Export as new Build Order

Fredous Terran 

Build Orders:  

Get SALT Encoding   

  12  0:01  SCV  
  13  0:13  SCV  
  14  0:19  Supply Depot  
  14  0:25  SCV  
  15  0:29  Refinery  
  15  0:40  SCV  
  16  0:52  SCV  
  17  0:57  Barracks  
  17  1:04  SCV  
  18  1:16  SCV  
  19  1:28  SCV  
  20  1:41  SCV  
  20  1:45  Reaper  
  22  1:51  Factory  
  22  1:54  Orbital Command  
  22  2:05  Supply Depot  
  22  2:19  Command Center  
  22  2:23  SCV  
  22  2:26  Reaper  
  24  2:35  SCV, Refinery  
  25  2:41  Hellion  
  27  2:47  SCV  
  27  2:59  SCV  
  28  3:07  Starport  
  28  3:08  Engineering Bay  
  29  3:14  Barracks Reactor  
  29  3:17  Factory Tech Lab  
  28  3:23  SCV  
  28  3:24  Supply Depot  
  29  3:32  Barracks  
  29  3:33  SCV, Supply Depot  
  30  3:39  Siege Tank  
  33  3:51  Orbital Command  
  33  3:55  SCV  
  34  3:59  Marine  
  35  4:07  SCV  
  36  4:19  SCV, Viking  
  39  4:24  Siege Tank  
  38  4:31  SCV  
  38  4:33  SCV  
  40  4:39  Starport  
  40  4:46  SCV  
  40  4:50  Missile Turret  
  41  4:56  Marine  
  41  4:58  SCV  
  43  5:08  Orbital Command  
  43  5:10  SCV  
  44  5:22  SCV  
  44  5:25  Supply Depot  
  44  5:27  Viking  
  47  5:34  SCV  
  48  5:39  SCV  
  47  5:46  SCV  
  47  5:48  Marine x3  
  48  5:50  Viking  
  48  5:52  SCV  
  51  5:58  SCV  
  51  6:04  SCV  
  51  6:06  Marine  
  51  6:10  SCV  
  49  6:16  SCV  
  43  6:22  SCV  
Show
View Real Time Build Order
Export as new Build Order

LilDicky Terran - Winner!

Build Orders: 1/1/1, Liberator Opening 

Get SALT Encoding   

  12  0:01  SCV  
  13  0:15  SCV  
  13  0:18  Supply Depot  
  14  0:27  SCV  
  15  0:31  Refinery  
  15  0:39  SCV  
  16  0:46  Barracks  
  16  0:51  SCV  
  17  1:03  SCV  
  18  1:15  SCV  
  19  1:21  Refinery  
  19  1:32  SCV  
  20  1:35  Marine  
  20  1:36  Supply Depot  
  21  1:40  Factory  
  21  1:46  Orbital Command  
  21  1:54  Marine  
  22  2:20  SCV  
  22  2:21  Marine  
  24  2:28  Factory Tech Lab, Starport  
  24  2:39  Marine  
  24  2:40  SCV  
  26  2:45  Supply Depot  
  26  2:50  Liberator  
  26  2:52  SCV  
  26  2:54  Siege Tank  
  30  3:04  SCV  
  31  3:06  Marine  
  35  3:15  Supply Depot  
  34  3:20  SCV  
  34  3:24  Marine  
  36  3:28  Siege Tank  
  39  3:36  SCV  
  40  3:45  Supply Depot, Marine  
  41  3:48  SCV  
  41  3:53  Viking  
  44  4:00  Siege Tank  
  47  4:05  Marine  
  47  4:06  SCV  
  48  4:18  SCV  
  48  4:19  Supply Depot  
  48  4:23  Medivac  
  51  4:30  SCV  
  52  4:43  SCV  
  53  4:55  SCV  
  46  5:30  Engineering Bay  
  42  6:12  SCV  
  42  6:13  Marine  
  42  6:16  Missile Turret  
  43  6:24  SCV  
  46  6:28  Command Center  
Tags
 
Add a new tag
Caveats
  • Supply blocks, unpowered buildings, or Contaminate may cause inaccurate times.
  • Supply counts are checked every 10 seconds.